 Dungeon Crawl Stone Soup version 0.23.2-40-g277498a001 (webtiles) character file.

Game seed: 8319722865169386511

16009 MalarOregon the Spear-Bearer (level 12, -3/100 HPs)
             Began as a Merfolk Warper on Aug 26, 2019.
             Was an Elder of the Shining One.
             Slain by a white ugly thing (15 damage)
             ... in an ice cave.
             The game lasted 00:44:30 (16595 turns).

MalarOregon the Spear-Bearer (Merfolk Warper)      Turns: 16595, Time: 00:44:30

Health: -3/100     AC: 17    Str: 11    XL:     12   Next: 33%
Magic:  18/18      EV: 15    Int: 15    God:    the Shining One [****..]
Gold:   632        SH:  9    Dex: 21    Spells: 3/19 levels left

rFire    + + .     SeeInvis .   a - +5 trident
rCold    + . .     Gourm    .   b - +0 shield
rNeg     + + .     Faith    .   v - +4 scale mail
rPois    +         Spirit   .   g - +2 helmet
rElec    .         Reflect  .   j - scarf {rC+ rF+}
rCorr    .         Harm     .   C - +2 pair of gloves of the Doldrums {rPois rF+ Regen+ Dex+2}
MR       .....                  (no boots)
Stlth    ..........             (no amulet)
HPRegen  0.66/turn              o - ring of wizardry
MPRegen  0.16/turn              m - +3 ring of dexterity

@: glowing
A: change form in water, swift swim, stealthy swim, fangs 1, evolution 1,
MP-powered wands
a: Divine Shield, Cleansing Flame, Renounce Religion


You were in an ice cave.
You worshipped the Shining One.
The Shining One was greatly pleased with you.
You were not hungry.

You visited 3 branches of the dungeon, and saw 12 of its levels.
You also visited: Bailey and Ice Cave.

You collected 632 gold pieces.

Inventory:

Hand Weapons
 a - a +5 trident (weapon)
   (You took it off an orc warrior on level 8 of the Dungeon)
 u - a +1 trident of freezing
   (You took it off a gnoll sergeant on level 10 of the Dungeon)
 A - the +6 flail of Mayhem {antimagic, rElec rPois, unknown}
   (You found it on level 9 of the Dungeon)

   It reduces the magical energy of the wielder, and disrupts the spells and
   magical abilities of those hit.
   Natural abilities and divine invocations are not affected.
   It insulates you from electricity.
   It protects you from poison.
Missiles
 f - 5 tomahawks of dispersal {!f}
 n - 7 tomahawks (quivered)
 y - 3 javelins
Armour
 b - a +0 shield (worn)
   (You found it on level 9 of the Dungeon)
 g - a +2 helmet (worn)
   (You found it on level 1 of the Dungeon)
 j - a scarf of resistance (worn)
   (You found it on level 9 of the Dungeon)
 v - a +4 scale mail (worn)
   (You took it off an orc on level 2 of the Dungeon)
 C - the +2 pair of gloves of the Doldrums (worn) {rPois rF+ Regen+ Dex+2}
   (You found it on level 6 of the Dungeon)

   It affects your dexterity (+2).
   It protects you from fire.
   It protects you from poison.
   It increases your rate of regeneration.
Jewellery
 m - a +3 ring of dexterity (right hand)
   (You found it on level 6 of the Dungeon)
 o - a ring of wizardry (left hand)
   (You found it on level 2 of the Dungeon)
 x - an uncursed ring of protection from magic {unknown}
   (You found it on level 9 of the Dungeon)
Wands
 t - a wand of flame (32)
   (You took it off Dowan on level 5 of the Dungeon)
Scrolls
 d - a scroll of blinking
 k - 7 scrolls of teleportation {@r4}
 s - 4 scrolls of immolation {!r}
 w - 2 scrolls of identify {@r1}
 D - 3 scrolls of magic mapping
 E - 2 scrolls of fog {unknown}
Potions
 h - a potion of cancellation
 i - 3 potions of brilliance
 l - a potion of ambrosia
 p - 6 potions of curing {@q1}
 q - 2 potions of mutation {!q}
 r - a potion of flight
 z - 3 potions of magic
 B - a potion of invisibility
 G - a potion of lignification {!q}
Comestibles
 e - 18 rations {!d}


   Skills:
 + Level 11.6 Fighting
 - Level 14.0 Polearms
 - Level 4.1 Throwing
 - Level 4.0 Armour
 + Level 13.1 Dodging
 + Level 4.0 Shields
 - Level 4.0 Spellcasting
 - Level 2.4 Translocations


You had 3 spell levels left.
You knew the following spells:

 Your Spells              Type           Power        Failure   Level  Hunger
a - Confusing Touch       Hex            #.....       82%         1    None
b - Blink                 Tloc           N/A          65%         2    ##.....
c - Confuse               Hex            #.......     99%         3    ###....
d - Gell's Gravitas       Tloc           ##........   86%         3    ###....
e - Yara's Violent Unrav  Hex/Tmut       #.........   100%        5    ######.
q - Shroud of Golubria    Chrm/Tloc      #.........   80%         2    ##.....

Your spell library contained the following spells:

 Spells                   Type           Power        Failure   Level  Hunger
 Magic Dart               Conj           #...         82%         1    None
 Lesser Beckoning         Tloc           ##........   86%         3    ###....
 Teleport Other           Tloc           ##......     86%         3    ###....
 Call Imp                 Summ           #.......     91%         2    ##.....
 Searing Ray              Conj           #.....       91%         2    ##.....
 Slow                     Hex            #.......     91%         2    ##.....
 Conjure Flame            Conj/Fire      #.......     99%         3    ###....
 Dazzling Spray           Conj/Hex       #.....       99%         3    ###....
 Mephitic Cloud           Conj/Pois/Air  #.......     99%         3    ###....
 Passage of Golubria      Tloc           N/A          99%         4    ####...
 Force Lance              Conj/Tloc      #.......     100%        4    ####...
 Fulminant Prism          Conj/Hex       #.........   100%        4    ####...
 Iskenderun's Mystic Bla  Conj           #.......     100%        4    ####...
 Petrify                  Tmut/Erth      #.......     100%        4    ####...
 Bolt of Magma            Conj/Fire/Erth #.........   100%        5    ######.
 Iskenderun's Battlesphe  Conj/Chrm      #.......     100%        5    ######.
 Metabolic Englaciation   Hex/Ice        #.........   100%        5    ######.
 Venom Bolt               Conj/Pois      #.........   100%        5    ######.
 Iron Shot                Conj/Erth      #.........   100%        6    #######
 Orb of Destruction       Conj           #.........   100%        7    #######
 Spellforged Servitor     Conj/Summ      #.........   100%        7    #######


Dungeon Overview and Level Annotations

Branches:
Dungeon (10/15)            Temple (1/1) D:5            Lair (1/6) D:10
    Orc (0/2) D:9

Altars:
Ashenzari
Cheibriados
Dithmenos
Elyvilon
Fedhas
Gozag
Hepliaklqana
Kikubaaqudgha
Makhleb
Nemelex Xobeh
Okawaru
Qazlal
Ru
Sif Muna
Trog
Uskayaw
Vehumet
Wu Jian
Xom
Yredelemnul
Zin
The Shining One

Annotations:
IceCv exclusion: 2 ice statues


Innate Abilities, Weirdness & Mutations

You revert to your normal form in water You are very nimble and swift while swimming.
You are very stealthy in the water. (Stealth+)
You have very sharp teeth.
You evolve.
You expend magic power (3 MP) to strengthen your wands.


Message History

* * * LOW HITPOINT WARNING * * *
The ice beast freezes you! You resist.
* * * LOW HITPOINT WARNING * * *
You feel much better.
You block the white ugly thing's attack.
The ice beast hits you.
* * * LOW HITPOINT WARNING * * *
The ice beast freezes you. You resist.
* * * LOW HITPOINT WARNING * * *
You hit the white ugly thing.
The white ugly thing tail-slaps you but does no damage.
You hit the white ugly thing.
You bite the white ugly thing, but do no damage.
The ice beast hits you.
* * * LOW HITPOINT WARNING * * *
The ice beast freezes you. You resist.
* * * LOW HITPOINT WARNING * * *
You hit the white ugly thing.
You block the white ugly thing's attack.
The ice beast hits you but does no damage.
You hit the white ugly thing but do no damage.
You block the white ugly thing's attack.
You hit the white ugly thing. You block the ice beast's attack.
You hit the white ugly thing.
You block the white ugly thing's attack.
The ice beast closely misses you.
You hit the white ugly thing but do no damage.
The white ugly thing barely misses you.
Your shield prevents you from hitting the white ugly thing.
You block the ice beast's attack.
You hit the white ugly thing but do no damage.
You bite the white ugly thing, but do no damage.
The white ugly thing tail-slaps you.
* * * LOW HITPOINT WARNING * * *
The white ugly thing freezes you! You resist.
* * * LOW HITPOINT WARNING * * *
The ice beast hits you but does no damage.
You feel much better.
The white ugly thing tail-slaps you but does no damage.
The ice beast barely misses you.
You puncture the white ugly thing! The white ugly thing tail-slaps you!
* * * LOW HITPOINT WARNING * * *
The white ugly thing freezes you! You resist.
* * * LOW HITPOINT WARNING * * *
You barely miss the white ugly thing.
The ice beast hits you but does no damage.
You closely miss the white ugly thing. The white ugly thing tail-slaps you.
* * * LOW HITPOINT WARNING * * *
The white ugly thing freezes you! You resist.
You die...

###########
##...8©8...##
#.....Y.....#
##....u@(....##
#......$......#
#....8...8....#
#.............#
##%..%.......##
#...........#
#.....∩.....#
##.........##
##...∩...##


You could see a white ugly thing and an ice beast.

Vanquished Creatures
  A deep elf knight (Bailey)
  10 deep elf magi (Bailey)
  An ugly thing (IceCv)
  An ice statue (D:10)
  Grinder (D:4)
  3 hippogriffs
  A spriggan (D:8)
  A wyvern (D:10)
  15 yaks
  2 basilisks (D:10)
  Eustachio (Temple)
  A hungry ghost (D:8)
  Duvessa (D:5)
  A porcupine (D:10)
  3 orc warriors
  15 ice beasts
  A black bear (D:9)
  2 phantoms
  A sky beast (D:5)
  5 ogres
  6 wolves (Lair:1)
  4 crocodiles
  3 centaurs
  8 bullfrogs
  A gnoll sergeant (D:10)
  8 scorpions
  Dowan (D:5)
  17 killer bees
  8 wights
  10 crimson imps
  A bullfrog zombie (D:8)
  3 jellies
  A quasit (D:10)
  3 orc priests
  2 centaur skeletons
  7 hounds
  3 orc wizards
  Jessica (D:3)
  4 iguanas
  10 worker ants
  A worker ant zombie (D:8)
  7 gnolls
  15 adders
  3 shadow imps
  2 white imps (D:9)
  2 oozes
  4 worms
  2 dart slugs
  6 leopard geckos
  34 orcs
  8 giant cockroaches
  6 goblins
  8 hobgoblins
  5 jackals (D:1)
  7 quokkas
  A ball python (D:3)
  5 bats
  8 frilled lizards
  A jackal skeleton (D:7)
  8 kobolds
  A leopard gecko skeleton (D:7)
  A quokka skeleton (D:4)
  11 rats
314 creatures vanquished.

Vanquished Creatures (collateral kills)
  A gnoll (D:6)
  3 orcs (D:5)
4 creatures vanquished.

Vanquished Creatures (others)
  2 wights (D:6)
  A crimson imp (D:9)
  An orc wizard (D:5)
  A gnoll (D:6)
  A fungus (D:10)
  A plant (D:10)
7 creatures vanquished.

Grand Total: 325 creatures vanquished

Notes
Turn   | Place    | Note
-------+----------+-------------------------------------------
     0 | D:1      | MalarOregon the Merfolk Warper began the quest for the Orb.
     0 | D:1      | Reached XP level 1. HP: 16/16 MP: 3/3
    93 | D:1      | Reached XP level 2. HP: 18/22 MP: 5/5
   512 | D:1      | Reached skill level 1 in Armour
   516 | D:1      | Reached XP level 3. HP: 28/28 MP: 6/6
   910 | D:1      | Reached XP level 4. HP: 9/34 MP: 7/7
  1584 | D:2      | Learned a level 2 spell: Blink
  1587 | D:2      | Learned a level 2 spell: Shroud of Golubria
  1591 | D:2      | Learned a level 3 spell: Gell's Gravitas
  2517 | D:3      | Reached XP level 5. HP: 33/40 MP: 8/8
  2616 | D:3      | Noticed Jessica
  2641 | D:3      | Killed Jessica
  2641 | D:3      | Reached skill level 4 in Polearms
  3853 | D:4      | Reached XP level 6. HP: 36/47 MP: 10/10
  5505 | D:4      | Noticed Grinder
  5542 | D:4      | Paralysed by Grinder for 3 turns
  5547 | D:4      | Killed Grinder
  5547 | D:4      | Reached XP level 7. HP: 32/54 MP: 10/12
  6271 | D:5      | Entered Level 5 of the Dungeon
  6365 | D:5      | Found a staircase to the Ecumenical Temple.
  6368 | D:5      | Noticed Dowan
  6368 | D:5      | Noticed Duvessa
  6419 | D:5      | Killed Dowan
  6554 | Temple   | Entered the Ecumenical Temple
  6762 | Temple   | Became a worshipper of the Shining One
  6966 | D:4      | Reached XP level 8. HP: 28/60 MP: 14/14
  7872 | D:5      | Got a steaming leather armour
  8065 | D:5      | Noticed Eustachio
  8302 | Temple   | Killed Eustachio
  8302 | Temple   | Reached skill level 5 in Fighting
  8302 | Temple   | Reached skill level 5 in Polearms
  8302 | Temple   | Reached skill level 5 in Dodging
  8898 | D:5      | Killed Duvessa
  9073 | D:6      | Reached skill level 6 in Polearms
  9392 | D:6      | Got a pair of dazzling gloves
  9429 | D:6      | Reached XP level 9. HP: 48/69 MP: 15/15
  9891 | D:6      | Reached skill level 7 in Polearms
 10349 | D:6      | Found a blossoming altar of Fedhas.
 10979 | D:7      | Reached * piety under the Shining One
 11017 | D:7      | Identified the +2 pair of gloves of the Doldrums {rPois rF+
                  | Regen+ Dex+2} (You found it on level 6 of the Dungeon)
 11077 | D:7      | Identified the +3 leather armour of the Saviour {*Slow +Fly
                  | rElec SInv} (You found it on level 5 of the Dungeon)
 11334 | D:7      | Found a basalt altar of Yredelemnul.
 11334 | D:7      | Found a shattered altar of Ashenzari.
 11334 | D:7      | Found a hazy altar of Hepliaklqana.
 11336 | D:7      | Found a bloodstained altar of Trog.
 11339 | D:7      | Found a shadowy altar of Dithmenos.
 11700 | D:6      | Found a blossoming altar of Fedhas.
 11972 | D:7      | Gained mutation: Scrolls take you a little longer to read.
                  | [potion of mutation]
 11972 | D:7      | Gained mutation: You have sharp fingernails. [potion of
                  | mutation]
 11977 | D:7      | Reached skill level 8 in Polearms
 12483 | D:8      | Reached skill level 9 in Polearms
 12631 | D:8      | Reached ** piety under the Shining One
 12653 | D:8      | Reached XP level 10. HP: 76/80 MP: 16/16
 12823 | D:8      | Reached skill level 10 in Polearms
 13021 | D:8      | Found an opulent altar of Gozag.
 13243 | D:9      | Found a staircase to the Orcish Mines.
 13253 | D:9      | Found a flagged portal.
 13264 | Bailey   | Entered a bailey
 13279 | Bailey   | Noticed a deep elf mage
 13296 | Bailey   | Killed a deep elf mage
 13296 | Bailey   | Reached skill level 10 in Dodging
 13306 | Bailey   | Noticed a deep elf mage
 13307 | Bailey   | Noticed a deep elf mage
 13310 | Bailey   | Noticed a deep elf mage
 13310 | Bailey   | Noticed a deep elf mage
 13310 | Bailey   | Noticed a deep elf mage
 13310 | Bailey   | Noticed a deep elf mage
 13345 | Bailey   | Killed a deep elf mage
 13366 | Bailey   | Killed a deep elf mage
 13366 | Bailey   | Reached skill level 11 in Polearms
 13375 | Bailey   | Killed a deep elf mage
 13382 | Bailey   | Killed a deep elf mage
 13389 | Bailey   | Killed a deep elf mage
 13389 | Bailey   | Reached XP level 11. HP: 30/90 MP: 17/17
 13406 | Bailey   | Killed a deep elf mage
 13406 | Bailey   | Reached skill level 12 in Polearms
 13529 | Bailey   | Noticed a deep elf knight
 13545 | Bailey   | Killed a deep elf knight
 13545 | Bailey   | Reached skill level 10 in Fighting
 13673 | Bailey   | Noticed a deep elf mage
 13673 | Bailey   | Noticed a deep elf mage
 13673 | Bailey   | Noticed a deep elf mage
 13705 | Bailey   | Killed a deep elf mage
 13706 | Bailey   | Killed a deep elf mage
 13707 | Bailey   | Killed a deep elf mage
 13813 | Bailey   | Identified a scroll of acquirement
 13817 | Bailey   | Got a pair of twisted gloves
 13828 | Bailey   | Identified the -1 pair of gloves of the Planets {rElec MR-
                  | rCorr} (You acquired it in a bailey)
 13860 | D:9      | You fall through a shaft!
 13860 | D:10     | Entered Level 10 of the Dungeon
 13937 | D:9      | Learned a level 1 spell: Confusing Touch
 13941 | D:9      | Learned a level 3 spell: Confuse
 13947 | D:9      | Learned a level 5 spell: Yara's Violent Unravelling
 13989 | D:9      | Reached *** piety under the Shining One
 14572 | D:9      | Reached skill level 13 in Polearms
 14661 | D:9      | Got a faintly glowing flail
 15149 | D:10     | Reached skill level 1 in Shields
 15189 | D:10     | Found a staircase to the Lair.
 15302 | D:10     | Reached XP level 12. HP: 100/100 MP: 18/18
 15339 | D:10     | Reached **** piety under the Shining One
 16236 | D:10     | Lost mutation: Scrolls take you a little longer to read.
                  | [potion of mutation]
 16236 | D:10     | Lost mutation: You have sharp fingernails. [potion of
                  | mutation]
 16236 | D:10     | Gained mutation: You have very sharp teeth. [potion of
                  | mutation]
 16236 | D:10     | Gained mutation: You evolve. [potion of mutation]
 16236 | D:10     | Gained mutation: You expend magic power (3 MP) to
                  | strengthen your wands. [potion of mutation]
 16238 | Lair:1   | Entered Level 1 of the Lair of Beasts
 16393 | Lair:1   | Found a frozen archway.
 16449 | IceCv    | Entered an ice cave
 16459 | IceCv    | Reached skill level 14 in Polearms
 16553 | IceCv    | Found a transporter.
 16571 | IceCv    | Found a transporter.
 16595 | IceCv    | Slain by a white ugly thing

Skill      XL: |  1  2  3  4  5  6  7  8  9 10 11 12 |
---------------+-------------------------------------+-----
Dodging        | 3 4 6 8 11 12 13 | 13.1
Armour         | 1 2 3 4 |  4.0
Throwing       | 2 3 4 |  4.1
Fighting       | 3 4 5 7 9 11 | 11.6
Polearms       | 4 6 9 11 13 14 | 14.0
Spellcasting   | 3 4 |  4.0
Shields        | 2 4 |  4.0
Translocations | |  2.4

Action                   |  1- 3 |  4- 6 |  7- 9 | 10-12 || total
-------------------------+-------+-------+-------+-------++-------
Melee: Spear             |   175 |   363 |  1006 |       ||  1544
       Tailslap          |       |       |     3 |       ||     3
       Trident           |       |       |    85 |   832 ||   917
       Bite              |       |       |       |    14 ||    14
Throw: Javelin           |       |    18 |    26 |    12 ||    56
       Tomahawk          |       |       |       |     1 ||     1
 Cast: Gell's Gravitas   |       |     4 |       |       ||     4
       Shroud of Golubri |       |     3 |     3 |       ||     6
Evoke: Wand              |       |       |    12 |       ||    12
  Use: Scroll            |       |     9 |    12 |    14 ||    35
       Potion            |       |       |     5 |     8 ||    13
  Eat: Chunk             |       |    16 |     7 |    16 ||    39
       Ration            |       |       |     5 |       ||     5
Armor: Leather armour    |    12 |       |       |       ||    12
       Ring mail         |    32 |    27 |       |       ||    59
       Scale mail        |       |   102 |   305 |   192 ||   599
       Skin              |       |       |     9 |       ||     9
Dodge: Dodged            |    92 |   152 |   416 |   367 ||  1027
Block: Shield            |       |       |       |   109 ||   109
